Map: Acid Plant LE

Players

ilanesku

  • Race: Terran Terran
  • Spawn Location: 5:00

VOD

Have the link to the VOD?

Description

Time

  • Played on: May 18, 2018, 8:20 p.m.
  • Length: 67:14
Show
View Real Time Build Order
Export as new Build Order

ilanesku Terran 

Build Orders:  

Get SALT Encoding   

  12  0:06  SCV  
  13  0:23  SCV  
  14  0:31  Supply Depot  
  14  0:42  SCV  
  15  1:03  SCV  
  15  1:09  Barracks  
  16  1:14  Refinery  
  16  1:20  Refinery  
  16  1:27  SCV  
  17  1:35  Supply Depot  
  17  1:45  SCV  
  18  2:02  SCV  
  19  2:19  SCV  
  20  2:27  Supply Depot  
  20  2:37  Orbital Command  
  20  2:58  Supply Depot  
  20  3:06  Barracks Reactor  
  20  3:14  Bunker  
  20  3:29  Supply Depot  
  20  3:30  SCV  
  21  3:47  SCV  
  22  3:57  Bunker  
  22  4:00  Factory  
  22  4:04  SCV  
  23  4:20  Marine x2  
  23  4:21  Engineering Bay  
  25  4:45  Marine x2  
  27  5:01  Bunker  
  27  5:10  Marine x2  
  29  5:35  Terran Infantry Weapons Level 1, Marine x2  
  31  5:43  Bunker  
  31  6:00  Marine  
  32  6:10  Command Center  
  32  6:27  Bunker  
  32  6:38  Starport  
  32  6:47  Factory Tech Lab  
  32  7:18  Refinery  
  32  7:25  SCV  
  33  7:30  Starport  
  33  7:35  Marine x2  
  35  7:42  SCV  
  35  7:45  Starport Tech Lab  
  36  7:53  Siege Tank  
  36  7:54  Refinery  
  36  7:59  SCV  
  38  8:00  Marine x2  
  39  8:15  Terran Infantry Armor Level 1  
  39  8:16  SCV  
  38  8:25  Marine  
  38  8:26  Marine  
  38  8:33  SCV  
  38  8:38  Siege Tank  
  42  8:40  Bunker  
  42  8:50  Marine  
  42  8:51  Marine  
  44  9:05  Orbital Command  
  44  9:15  Marine  
  44  9:16  Marine  
  46  9:23  Siege Tank  
  46  9:25  Bunker  
  49  9:40  Marine x2  
  49  9:42  Supply Depot  
  49  9:47  Starport Tech Lab  
  51  10:05  Marine x2  
  53  10:14  Supply Depot  
  53  10:30  Marine x2  
  53  10:31  SCV x2  
  65  10:40  Siege Tank  
  57  10:47  SCV  
  57  10:48  SCV, Supply Depot  
  62  10:55  Neosteel Frame, Marine x2  
  64  11:09  Armory  
  64  11:14  Fusion Core  
  64  11:20  Supply Depot, Marine x2  
  64  11:24  Siege Tank  
  69  11:45  Marine x2  
  69  11:49  SCV  
  72  11:50  SCV  
  73  12:03  Medivac  
  73  12:06  SCV x2, Medivac  
  73  12:09  Siege Tank  
  82  12:10  Marine x2  
  84  12:23  SCV  
  85  12:35  Marine x2  
  87  12:46  Command Center  
  87  12:53  Missile Turret  
  87  12:54  Siege Tank  
  90  13:05  Hi-Sec Auto Tracking  
  90  13:23  Missile Turret  
  90  13:39  Siege Tank  
  93  13:40  Missile Turret  
  93  13:53  Missile Turret  
  93  14:19  Missile Turret  
  93  14:24  Missile Turret  
  93  14:39  Refinery  
  93  14:41  Orbital Command  
  93  14:53  Missile Turret, Bunker  
  93  14:58  Missile Turret  
  93  15:09  Marine x2  
  95  15:16  Refinery  
  95  15:21  Missile Turret  
  95  15:28  Missile Turret  
  95  15:33  Marine  
  95  15:34  Marine  
  95  15:37  Bunker  
  97  15:45  Terran Infantry Weapons Level 2  
  97  15:46  Missile Turret  
  97  15:49  Weapon Refit  
  97  15:51  Terran Ship Weapons Level 1  
  97  15:56  Battlecruiser  
  97  15:57  Missile Turret  
  97  15:58  Marine  
  97  15:59  Medivac, Marine  
  107  16:22  Bunker  
  107  16:23  Marine  
  107  16:24  Marine  
  109  17:45  Command Center  
  105  18:06  Command Center  
  84  18:20  Marine x2  
  86  18:31  Terran Vehicle Weapons Level 1  
  86  18:40  Siege Tank  
  86  18:44  Marine  
  86  18:45  Marine  
  86  18:48  Viking x2  
  95  18:55  Terran Infantry Armor Level 2  
  95  19:02  SCV  
  95  19:09  Marine  
  97  19:10  Marine  
  97  19:19  SCV  
  99  19:25  Siege Tank  
  102  19:30  Viking x2  
  102  19:34  Marine  
  102  19:35  Marine  
  102  19:36  SCV  
  109  19:53  SCV  
  109  19:59  Marine  
  111  20:00  Marine  
  111  20:03  SCV  
  111  20:04  Refinery  
  113  20:10  SCV, Siege Tank  
  113  20:12  Viking  
  113  20:14  Refinery  
  113  20:15  SCV  
  120  20:20  SCV  
  120  20:24  Marine x2  
  123  20:32  SCV  
  123  20:37  SCV  
  125  20:41  Refinery  
  125  20:49  SCV  
  126  20:50  Refinery  
  126  20:54  SCV  
  126  20:55  Siege Tank  
  130  21:06  SCV  
  131  21:11  SCV, Terran Vehicle And Ship Armor Level 1  
  131  21:16  Marine x2  
  134  21:23  SCV  
  134  21:24  Viking x2  
  139  21:40  Siege Tank  
  139  21:41  Marine x2  
  139  21:48  Missile Turret  
  144  22:06  Viking, Marine  
  147  22:14  Missile Turret  
  147  22:39  Marine  
  147  22:47  Missile Turret  
  147  22:57  Marine  
  147  22:58  Viking  
  130  23:00  Siege Tank  
  130  23:04  Marine  
  102  23:13  Missile Turret  
  95  23:22  Marine  
  95  23:23  Battlecruiser  
  95  23:25  Building Armor  
  95  23:29  Marine  
  103  23:40  Battlecruiser  
  103  23:45  Siege Tank  
  103  23:47  Marine  
  112  23:54  Marine  
  113  24:12  Marine  
  113  24:18  Marine  
  115  24:30  Siege Tank  
  115  24:37  Marine  
  119  24:43  Marine  
  120  24:53  Battlecruiser  
  126  25:02  Marine  
  126  25:06  Command Center, Refinery  
  126  25:08  Marine  
  128  25:11  Supply Depot  
  128  25:15  Siege Tank  
  131  25:20  Supply Depot  
  131  25:26  Marine  
  132  25:41  Supply Depot, Marine  
  132  25:46  Missile Turret  
  133  25:51  Marine  
  133  25:53  Supply Depot  
  134  26:00  Siege Tank  
  134  26:06  Marine  
  138  26:13  Missile Turret, Supply Depot  
  138  26:16  Viking  
  140  26:23  Viking  
  140  26:24  Supply Depot  
  142  26:32  Marine x2  
  144  26:41  Missile Turret  
  144  26:45  Siege Tank  
  144  26:46  Orbital Command, Supply Depot  
  147  26:57  Marine x2  
  147  26:58  Viking  
  151  27:00  Planetary Fortress  
  151  27:05  Viking  
  151  27:09  Missile Turret  
  153  27:22  Supply Depot, Marine x2  
  153  27:29  Siege Tank  
  158  27:40  Viking  
  158  27:47  Viking, Marine x2  
  164  27:53  Supply Depot  
  164  27:57  Refinery  
  164  28:14  Siege Tank  
  151  28:21  Marine  
  151  28:22  Viking, Marine  
  151  28:29  Viking  
  132  28:36  Siege Tank x2  
  123  28:46  Marine  
  123  28:47  Marine  
  122  28:59  Siege Tank  
  125  29:04  SCV, Viking  
  128  29:11  Battlecruiser, Marine  
  128  29:12  Marine  
  136  29:21  SCV  
  137  29:36  Marine  
  137  29:37  Marine  
  137  29:38  SCV  
  140  29:44  Siege Tank  
  140  29:46  Battlecruiser  
  149  29:55  SCV  
  150  30:01  Marine x2  
  150  30:07  Missile Turret  
  150  30:09  Missile Turret  
  152  30:12  SCV  
  152  30:14  SCV  
  154  30:29  Siege Tank  
  157  30:31  SCV  
  157  30:36  Missile Turret  
  157  30:38  Missile Turret  
  158  30:40  Battlecruiser  
  158  30:48  SCV  
  165  31:05  SCV  
  165  31:06  Missile Turret  
  166  31:11  Missile Turret  
  166  31:14  Siege Tank  
  166  31:16  Battlecruiser  
  175  31:22  SCV  
  176  31:39  Missile Turret  
  164  31:48  Marine x2  
  142  31:57  Siege Tank x5  
  142  31:59  Siege Tank  
  137  32:10  Battlecruiser  
  137  32:13  Marine x2  
  136  32:38  Marine x2  
  138  32:44  Siege Tank  
  138  32:45  Battlecruiser  
  147  33:03  Marine x2  
  149  33:28  Marine x2  
  149  33:29  Siege Tank  
  135  33:40  Battlecruiser  
  139  33:52  Marine  
  139  33:53  Marine  
  141  34:14  Siege Tank  
  141  34:15  Battlecruiser  
  141  34:17  Marine  
  141  34:18  Marine  
  152  34:42  Marine  
  152  34:43  Marine  
  154  34:57  Command Center  
  154  34:59  Siege Tank  
  157  35:07  Marine  
  157  35:08  Marine  
  159  35:10  Battlecruiser  
  165  35:44  Thor  
  171  35:50  Marine  
  171  35:51  Marine  
  171  35:57  Battlecruiser  
  179  36:10  Command Center  
  179  36:15  Marine  
  179  36:16  Marine  
  161  36:40  Marine x2  
  161  36:44  Thor  
  160  37:05  Marine x2  
  160  37:07  Medivac  
  164  37:26  Medivac  
  166  37:30  Marine x2  
  168  37:44  Siege Tank  
  168  37:48  Battlecruiser  
  177  37:50  Refinery  
  177  37:55  Marine x2  
  179  38:20  Marine  
  179  38:27  Refinery  
  179  38:29  Battlecruiser, Refinery, Siege Tank  
  189  39:02  Refinery  
  189  39:14  Siege Tank  
  192  39:38  Refinery  
  192  40:02  Battlecruiser  
  192  40:16  Battlecruiser  
  192  40:19  Siege Tank, Marine x2  
  182  40:21  Siege Tank  
  167  40:44  Marine x2  
  149  41:06  Siege Tank  
  149  41:08  Marine  
  149  41:09  Marine  
  132  41:11  Command Center  
  119  41:32  Battlecruiser  
  119  41:33  Marine  
  119  41:34  Marine  
  115  41:51  Siege Tank  
  115  41:58  Marine  
  115  41:59  Marine  
  120  42:23  Marine  
  120  42:24  Marine  
  122  42:36  Siege Tank  
  125  42:41  Battlecruiser  
  101  43:01  Battlecruiser  
  102  43:21  Siege Tank  
  93  43:36  Marine x2  
  78  44:00  Marine  
  78  44:01  Marine  
  78  44:06  Siege Tank  
  81  44:10  Battlecruiser  
  80  44:25  Marine  
  80  44:26  Marine  
  79  44:31  Battlecruiser  
  71  44:50  Marine  
  71  44:51  Siege Tank, Marine  
  76  45:15  Marine x2  
  67  45:35  Siege Tank  
  68  45:40  Marine x2  
  49  46:05  Marine x2  
  49  46:20  Siege Tank  
  52  46:30  Marine x2  
  48  46:40  Battlecruiser x2  
  60  46:55  Marine x2  
  62  47:05  Siege Tank  
  65  47:20  Marine x2  
  67  47:45  Marine x2  
  69  47:50  Siege Tank  
  66  48:10  Battlecruiser, Viking, Marine x2  
  76  48:35  Hellion, Terran Ship Weapons Level 2, Marine x2  
  80  48:43  Siege Tank  
  80  48:52  Viking  
  82  49:00  Marine x2  
  82  49:05  Hellion  
  86  49:25  Marine  
  87  49:34  Viking  
  87  49:35  Siege Tank  
  92  49:40  Viking  
  94  49:59  Marine x2  
  96  50:16  Viking  
  98  50:20  Siege Tank  
  98  50:22  Battlecruiser  
  98  50:24  Marine x2  
  109  50:49  Marine x2  
  111  50:58  Battlecruiser  
  117  51:05  Siege Tank  
  120  51:14  Marine x2  
  122  51:39  Marine x2  
  124  51:50  Siege Tank  
  127  52:04  Marine x2  
  129  52:22  Battlecruiser  
  129  52:29  Marine x2  
  137  52:35  Siege Tank  
  140  52:54  Marine x2  
  142  53:19  Marine x2  
  144  53:20  Siege Tank  
  147  53:37  Command Center  
  126  54:05  Siege Tank  
  120  54:23  Marine x2  
  120  54:29  Battlecruiser  
  126  54:31  Viking  
  126  54:32  Siege Tank  
  126  54:33  Siege Tank x3  
  128  54:48  Marine x2  
  129  54:50  Siege Tank  
  107  55:13  Viking, Marine x2  
  97  55:35  Siege Tank  
  97  55:37  Marine  
  97  55:38  Marine  
  97  56:02  Marine  
  97  56:03  Marine  
  339  56:20  Siege Tank  
  90  56:27  Marine  
  90  56:28  Marine  
  86  56:52  Marine  
  86  56:53  Marine  
  88  57:04  Siege Tank  
  91  57:10  SCV  
  91  57:17  Marine x2  
  94  57:42  Marine x2  
  94  57:49  Hellion  
  90  58:07  Marine x2  
  92  58:16  SCV  
  92  58:19  Hellion  
  95  58:32  Marine x2  
  95  58:33  SCV  
  98  58:50  SCV, Siege Tank  
  98  58:51  Siege Tank x7  
  98  58:57  Marine x2  
  101  59:07  SCV  
  100  59:24  SCV  
  95  61:33  Siege Tank x10  
  95  61:39  Marine x2  
  97  61:43  Hellion  
  99  62:04  Marine x2  
  101  62:13  Hellion  
  103  62:29  Marine x2  
  105  62:43  Hellion  
  107  62:53  Siege Tank x7  
  107  62:54  Siege Tank x3, Marine x2  
  99  63:13  Hellion  
  82  64:59  Siege Tank x8  
Tags
 
Add a new tag
Caveats
  • Supply blocks, unpowered buildings, or Contaminate may cause inaccurate times.
  • Supply counts are checked every 10 seconds.